 Dungeon Crawl Stone Soup version 0.21-a0-84-g85d6d27 (webtiles) character file.

10 terra52 the Caller (level 2, -1/19 HPs)
             Began as a Vampire Summoner on July 1, 2017.
             Slain by a leopard gecko (3 damage)
             ... on level 1 of the Dungeon.
             The game lasted 00:01:14 (259 turns).

terra52 the Caller (Vampire Summoner)                Turns: 259, Time: 00:01:15

Health: -1/19      AC:  2    Str:  7    XL:     2   Next: 10%
Magic:  5/5        EV: 12    Int: 17    God:
Gold:   54         SH:  0    Dex: 14    Spells: 4/5 levels left

rFire    . . .     SeeInvis +   d - -3 short sword (curse)
rCold    . . .     Gourm    .   (no shield)
rNeg     + . .     Faith    .   a - +0 robe
rPois    .         Spirit   .   (no helmet)
rElec    .         Reflect  .   (no cloak)
rCorr    .         Harm     .   (no gloves)
MR       .....                  (no boots)
Stlth    ++........             g - amulet of magic regeneration
HPRegen  0.06/turn              (no ring)
MPRegen  0.34/turn              (no ring)

@: no status effects
A: fangs 3, see invisible, unbreathing
a: no special abilities


You were on level 1 of the Dungeon.
You were not thirsty.

You visited 1 branch of the dungeon, and saw 1 of its levels.

You collected 54 gold pieces.

Inventory:

Hand Weapons
 d - a cursed -3 short sword (weapon)
Armour
 a - a +0 robe (worn)
Jewellery
 g - an amulet of magic regeneration (around neck)
Scrolls
 h - a scroll of blinking {unknown}
 i - a scroll of teleportation {unknown}
Potions
 c - 2 potions of blood
 e - a potion of brilliance {unknown}
 f - 2 potions of curing {unknown}
Books
 b - a book of Callings

   Spells                             Type                      Level
   a - Summon Small Mammal            Summoning                    1
   b - Call Imp                       Summoning                    2
   c - Call Canine Familiar           Summoning                    3
   d - Summon Guardian Golem          Hexes/Summoning              3
   e - Summon Lightning Spire         Summoning/Air                4
   f - Summon Ice Beast               Ice/Summoning                4


   Skills:
 + Level 0.2 Short Blades
 + Level 2.2 Dodging
 + Level 3.0 Stealth
 + Level 2.0 Spellcasting
 + Level 4.4 Summonings


You had 4 spell levels left.
You knew the following spells:

 Your Spells              Type           Power        Failure   Level  Hunger
a - Summon Small Mammal   Summ           ###.         3%          1    #......


Dungeon Overview and Level Annotations

Branches:
Dungeon (1/15)

Altars:


Innate Abilities, Weirdness & Mutations

You have razor-sharp teeth.
You have supernaturally acute eyesight. (SInv)
You can survive without breathing.


Message History

The leopard gecko is heavily wounded.
The bat misses you. The leopard gecko bites you. The bat closely misses you.
You hit the leopard gecko but do no damage.
The leopard gecko is heavily wounded.
The bat completely misses you. The bat hits you but does no damage.
The leopard gecko closely misses you.
You miss the leopard gecko.
The leopard gecko is moderately wounded.
The bat hits you but does no damage. The leopard gecko bites you.
* * * LOW HITPOINT WARNING * * *
The leopard gecko bites you.
* * * LOW HITPOINT WARNING * * *
You hit the leopard gecko.
The leopard gecko is almost dead.
The bat hits you but does no damage. The bat barely misses you.
The leopard gecko barely misses you.
You barely miss the leopard gecko.
The leopard gecko is almost dead.
The bat hits you but does no damage. The leopard gecko bites you.
You die...

## #. #### .. ###.
#...########.# #. ..#.
#............# #. #.#.
#........?...# #. #.#.
#............####.## #.#.
#..)...b.....#.....# #.#.
#.....?.@l...####..###.#.
....#.#.#(#.#............
#.............###..###...
#...#.##'##.#####..######
## #..#...#........##....
## +...+.#####.###.###
#...#.....#.# #.#
##.##'##.###.#.###.#
#.....)....#.#.....#


You could see a leopard gecko and a bat.

Vanquished Creatures
  2 bats (D:1)
  A goblin (D:1)
  2 hobgoblins (D:1)
  2 kobolds (D:1)
  2 rats (D:1)
9 creatures vanquished.

Notes
Turn   | Place    | Note
-------+----------+-------------------------------------------
     0 | D:1      | terra52 the Vampire Summoner began the quest for the Orb.
     0 | D:1      | Reached XP level 1. HP: 13/13 MP: 3/3
   170 | D:1      | Reached XP level 2. HP: 12/19 MP: 5/5
   259 | D:1      | Slain by a leopard gecko

Vault maps used:
D:1:      minmay_arrival_arboretum_small, minmay_misc_feat_doors,
          dk_noncrumbling_3

Action                   || total
-------------------------++-------
Melee: Short sword       ||    45
       Bite              ||     2
 Cast: Summon Small Mamm ||     1
 Stab: Sleeping          ||     1
Armor: Robe              ||    20
Dodge: Dodged            ||    53
